 Dungeon Crawl Stone Soup version 0.29-a0-529-gfa20dd96a1 (webtiles) character file.

Game seed: 16701341288037318623

3173 bande the Blocker (level 9, -5/55 HPs)
             Began as a Gargoyle Fighter on June 1, 2022.
             Was an Initiate of Okawaru.
             Killed from afar by a steam dragon (19 damage)
             ... with a ball of steam
             ... on level 8 of the Dungeon.
             The game lasted 00:11:04 (6873 turns).

bande the Blocker (Gargoyle Fighter)                Turns: 6873, Time: 00:11:05

Health: -5/55      AC: 21    Str: 21    XL:     9   Next: 95%
Magic:  9/9        EV:  5    Int:  8    God:    Okawaru [......]
Gold:   261        SH: 15    Dex: 13    Spells: 8/8 levels left

rFire   . . .      SeeInvis .   a - +0 war axe (freeze)
rCold   . . .      Faith    .   o - +0 tower shield
rNeg    + . .      Spirit   .   p - +0 chain mail
rPois   ∞          Reflect  .   j - +0 helmet
rElec   +          Harm     .   m - +1 cloak {Will+}
rCorr   .          Rampage  .   u - +0 pair of gloves
Will    +....                   (no boots)
Stlth   ..........              (no amulet)
HPRegen 0.98/turn               (no ring)
MPRegen 0.11/turn               (no ring)

@: mighty
A: sickness immunity, AC +6, negative energy resistance 1, electricity
resistance, torment resistance 1, petrification resistance, hooves 1,
regeneration 1
a: Renounce Religion


You were on level 8 of the Dungeon.
You worshipped Okawaru.
Okawaru was noncommittal.
You visited 2 branches of the dungeon, and saw 9 of its levels.

You collected 261 gold pieces.

Inventory:

Hand Weapons
 a - a +0 war axe of freezing (weapon)
 i - a +2 mace of holy wrath
 t - a +1 vorpal shortbow
Armour
 j - a +0 helmet (worn)
 m - a +1 cloak of willpower (worn)
 o - a +0 tower shield (worn)
 p - a +0 chain mail (worn)
 u - a +0 pair of gloves (worn)
Jewellery
 q - an amulet of magic regeneration
Wands
 l - a wand of flame (17)
 n - a wand of paralysis (5)
Scrolls
 e - 6 scrolls of teleportation
 s - a scroll of enchant armour
 v - a scroll of fear
Potions
 b - a potion of curing
 c - 2 potions of ambrosia
 f - 2 potions of flight
 g - a potion of berserk rage
 h - 5 potions of magic
 k - 3 potions of mutation
 r - 2 potions of brilliance


   Skills:
 + Level 6.1 Fighting
 + Level 7.9 Axes
 + Level 6.9 Armour
 - Level 0.2 Dodging
 + Level 8.4 Shields
 * Level 0.5 Invocations
 * Level 2.5 Evocations


You had 8 spell levels left.
You didn't know any spells.
Your spell library contained the following spells:

 Spells                   Type           Power      Damage    Failure   Level
 Foxfire                  Conj/Fire      0%         2x1d4     100%        1
 Conjure Flame            Conj/Fire      0%         6-21      100%        3
 Inner Flame              Hex/Fire       0%         N/A       100%        3
 Ozocubu's Armour         Ice            0%         N/A       100%        3
 Flame Wave               Conj/Fire      0%         2d4       100%        4
 Ozocubu's Refrigeration  Ice            0%         4d5       100%        7
 Summon Forest            Summ/Tloc      Unusable   N/A       N/A         5
 Summon Mana Viper        Hex/Summ       Unusable   N/A       N/A         5
 Summon Cactus Giant      Summ           Unusable   N/A       N/A         6

Dungeon Overview and Level Annotations

Branches:
Dungeon (8/15)             Temple (1/1) D:7
   Lair: D:8-11

Altars:
Cheibriados
Dithmenos
Elyvilon
Fedhas
Gozag
Hepliaklqana
Kikubaaqudgha
Makhleb
Nemelex Xobeh
Okawaru
Ru
Sif Muna
Uskayaw
Wu Jian
Xom
Zin
The Shining One

Annotations:
D:7 exclusion: oklob sapling
D:8 Maggie


Innate Abilities, Weirdness & Mutations

You are immune to sickness and miasma.
Your stone body is resilient. (AC +6)
You are immune to poison.
You resist negative energy. (rN+)
You are resistant to electric shocks. (rElec)
You are resistant to unholy torment.
You are immune to petrification.
You have large cloven feet.
Your natural rate of healing is unusually fast.


Message History

The steam dragon breathes steam at you. The ball of steam hits you!
* * * LOW HITPOINT WARNING * * *
Unknown command.
Unknown command.
Unknown command.
You barely miss Maggie.
Maggie is lightly wounded.
You hit the steam dragon but do no damage.
Maggie is engulfed in a cloud of scalding steam.
You block Maggie's attack.
The steam dragon bites you but does no damage.
You block the steam dragon's attack.
Maggie is engulfed in a cloud of scalding steam.
Maggie casts a spell.
Maggie attempts to bespell you! You resist with almost no effort.
You slash Maggie! You freeze Maggie. You kick Maggie.
Maggie is severely wounded.
You hit the steam dragon. You freeze the steam dragon.
You are engulfed in a cloud of scalding steam.
You block the steam dragon's attack. x2; Maggie hits you but does no damage.
The steam dragon barely misses you.
The steam dragon claws you but does no damage.
You slash Maggie! You freeze Maggie. Your kick misses Maggie.
Maggie is severely wounded.
You closely miss the steam dragon. You block Maggie's attack.
The steam dragon breathes steam at you. The ball of steam hits you!
* * * LOW HITPOINT WARNING * * *
You block Maggie's attack.
You closely miss Maggie. Your kick misses Maggie.
Maggie is severely wounded.
You closely miss the steam dragon.
You are engulfed in a cloud of scalding steam.
You block the steam dragon's attack.
The steam dragon claws you but does no damage.
You block Maggie's attack. The steam dragon breathes steam at you.
The ball of steam hits you!!
You die...

.......##.#####.....
...........##..# #.....
...........##..# ##.###
....≈......##..## #.#
....≈≈.....##...####.###
...≈≈≈≈....##.#.##......
....≈≈.....##.#[.#......
.....≈.§§.....##.#......
....≈≈D@.§§§####........
....≈≈@§§...# ##.......
............# #.......
...#....#.#.# #.......
..........#.# #.#.....
...#....#.#.# #.......
........#.#.# ##......
#######.#.$.# ......


You could see Maggie and a steam dragon (catching breath).

Vanquished Creatures
  A wyvern (D:7)
  5 yaks
  A water moccasin (D:7)
  2 sky beasts
  2 ice beasts (D:7)
  A centaur (D:5)
  2 phantoms (D:5)
  5 bullfrogs
  A necrophage (D:7)
  A gnoll sergeant (D:4)
  A scorpion (D:5)
  4 wights (D:6)
  8 hounds
  2 orc priests (D:5)
  Crazy Yiuf (D:2)
  4 iguanas
  2 gnoll shamans (D:5)
  3 orc wizards
  10 gnolls
  10 adders
  A shadow imp (D:6)
  3 white imps
  2 ufetubi (D:4)
  2 worms (D:2)
  A dart slug (D:5)
  17 orcs
  5 bats
  5 endoplasms
  4 giant cockroaches
  8 goblins
  7 hobgoblins
  3 jackals (D:3)
  3 kobolds
  4 quokkas
  6 ball pythons
  A frilled lizard (D:1)
  5 rats
143 creatures vanquished.

Vanquished Creatures (others)
  A fungus (D:3)
  5 plants
6 creatures vanquished.

Grand Total: 149 creatures vanquished

Notes
Turn   | Place    | Note
-------+----------+-------------------------------------------
     0 | D:1      | bande the Gargoyle Fighter began the quest for the Orb.
     0 | D:1      | Reached XP level 1. HP: 14/14 MP: 1/1
   368 | D:1      | Reached XP level 2. HP: 19/19 MP: 2/2
   809 | D:2      | Found a runed translucent door.
   810 | D:2      | Noticed Crazy Yiuf
   845 | D:2      | Reached XP level 3. HP: 20/23 MP: 3/3
   906 | D:2      | Reached XP level 4. HP: 21/29 MP: 4/4
  1529 | D:2      | Found a shadowy altar of Dithmenos.
  1814 | D:2      | Killed Crazy Yiuf
  1815 | D:2      | Reached skill level 4 in Shields
  2014 | D:3      | Found a burning altar of Makhleb.
  2025 | D:3      | Reached XP level 5. HP: 31/33 MP: 5/5
  2360 | D:3      | Found a sacrificial altar of Ru.
  2368 | D:3      | Found a glowing silver altar of Zin.
  2579 | D:3      | Found a faded altar of an unknown god.
  2704 | D:3      | Gained mutation: Your natural rate of healing is unusually
                  | fast. [potion of mutation]
  2704 | D:3      | Gained mutation: You have large cloven feet. [potion of
                  | mutation]
  2752 | D:3      | Reached XP level 6. HP: 38/38 MP: 6/6
  3016 | D:4      | Identified the +7 trident "Jellybane" {vorpal, +Blink Int+7
                  | Dex-2 SInv}
  3022 | D:4      | Reached XP level 7. HP: 29/43 MP: 7/7
  3437 | D:4      | Reached skill level 5 in Shields
  3618 | D:5      | Entered Level 5 of the Dungeon
  3700 | D:5      | Reached skill level 5 in Armour
  3703 | D:5      | Reached skill level 5 in Axes
  3910 | D:5      | Identified the +0 spear of Makhleb's Displeasure {flame,
                  | Fly rF- Will+++ Int-4}
  3929 | D:5      | Reached XP level 8. HP: 48/48 MP: 8/8
  4063 | D:5      | Reached skill level 6 in Shields
  4303 | D:5      | Reached skill level 5 in Fighting
  4539 | D:6      | Noticed a yak
  4539 | D:6      | Noticed a yak
  4540 | D:6      | Noticed a yak
  4540 | D:6      | Noticed a yak
  4541 | D:6      | Noticed a yak
  4556 | D:6      | Killed a yak
  4598 | D:5      | Killed a yak
  4603 | D:5      | Killed a yak
  4604 | D:5      | Reached skill level 7 in Shields
  4610 | D:5      | Killed a yak
  4611 | D:5      | Reached XP level 9. HP: 16/54 MP: 9/9
  4908 | D:6      | Found a snail-covered altar of Cheibriados.
  5304 | D:6      | Reached skill level 1 in Evocations
  5898 | D:7      | Reached skill level 8 in Shields
  6115 | D:7      | Found a staircase to the Ecumenical Temple.
  6127 | Temple   | Entered the Ecumenical Temple
  6250 | Temple   | Became a worshipper of Warmaster Okawaru
  6863 | D:8      | Noticed Maggie
  6873 | D:8      | Killed from afar by a steam dragon

Illustrated notes

Levels and vault maps discovered:
D:1:      scummos_arrival_hexagon, layout_basic
D:2:      layout_basic, basic_altar, uniq_crazy_yiuf_cottage
D:3:      layout_rooms, mainiacjoe_overflow_catwalk_spiral, lemuel_doored_altar,
          shapermc_ecumenical_altar_mp_ritualfount
D:4:      layout_loops_ring
D:5:      layout_loops_ring
D:6:      layout_cave_pods, mainiacjoe_overflow_alcove_1,
          kennysheep_windowed_goal
D:7:      layout_loops_ring, minmay_temple_entry_oklob, enter_bailey_3,
          grunt_decor_junction
D:8:      layout_basic, uniq_maggie
Temple:   regret_index_temple_mists

Skill      XL: |  1  2  3  4  5  6  7  8  9 |
---------------+----------------------------+-----
Axes           | 2 3 4 5 6 7 |  7.9
Armour         | 4 5 6 |  6.9
Shields        | 4 5 7 8 |  8.4
Fighting       | 4 5 6 |  6.1
Evocations     | 2 |  2.5
Dodging        | |  0.2
Invocations    | |  0.5

Action                   |  1- 3 |  4- 6 |  7- 9 || total
-------------------------+-------+-------+-------++-------
Melee: War axe           |    64 |   175 |   362 ||   601
       Kick              |       |     9 |   106 ||   115
  Use: Scroll            |     2 |     4 |    10 ||    16
       Potion            |       |     1 |     3 ||     4
 Stab: Invisible         |       |     1 |       ||     1
Armor: Scale mail        |    46 |   109 |    32 ||   187
       Chain mail        |       |       |   219 ||   219
Dodge: Dodged            |    36 |    71 |    58 ||   165
Block: Buckler           |    17 |    22 |       ||    39
       Tower shield      |       |    69 |   332 ||   401

Table legend: (Time is in decaauts)
 A = Elapsed time spent in this place.
 B = Non-inter-level travel time spent in this place.
 C = Inter-level travel time spent in this place.
 D = Time resting spent in this place.
 E = Time spent auto-exploring this place.
 F = Levels seen in this place.
 G = Mean time per level.
                   A        B        C        D        E       F      G
               +--------+--------+--------+--------+--------+-----+--------+
         Total |   7216 |   6829 |    387 |    461 |   4693 |   9 |  801.8 |
       Dungeon |   7056 |   6669 |    387 |    461 |   4565 |   8 |  882.0 |
        Temple |    160 |    160 |      0 |      0 |    127 |   1 |  160.0 |
               +--------+--------+--------+--------+--------+-----+--------+

Top non-repeatable levels by time:
     D:2: 1286 daAuts
     D:5: 1216 daAuts
     D:6: 1101 daAuts
     D:3: 937 daAuts
     D:4: 833 daAuts
     D:7: 819 daAuts
     D:1: 766 daAuts
  Temple: 160 daAuts
     D:8: 96 daAuts
